 Dungeon Crawl Stone Soup version 0.21.1-1-g345015f (webtiles) character file.

10187 troglodite the Protected (level 11, 0/130 HPs)
             Began as a Demonspawn Berserker on Feb 26, 2018.
             Was a High Priest of Trog.
             Slain by an orc warrior
             ... wielding a +0 long sword
             ... led by an orc warlord
              (11 damage)
             ... on level 1 of the Orcish Mines.
             The game lasted 00:36:23 (13968 turns).

troglodite the Protected (Demonspawn Berserker)    Turns: 13968, Time: 00:36:23

Health: 0/130      AC: 21    Str: 25    XL:     11   Next: 32%
Magic:  18/20      EV: 11    Int:  6    God:    Trog [*****.]
Gold:   815        SH:  0    Dex: 11    Spells: 10/10 levels left

rFire    + + +     SeeInvis .   F - +7 rapier of Qaotro {pierce, rF++ MP+9}
rCold    + . .     Gourm    .   (no shield)
rNeg     + . .     Faith    .   B - +1 plate armour
rPois    +         Spirit   .   H - +2 helmet {Int+3}
rElec    .         Reflect  .   g - scarf {rC+ rF+}
rCorr    .         Harm     .   r - +1 pair of gloves of the Lotus Blossom {rPois rF+++ Int-5 Dex-5}
MR       .....     Rnd*Rage +   (no boots)
Stlth    ..........             (no amulet)
HPRegen  0.31/turn              A - +2 ring of strength
MPRegen  0.17/turn              K - ring of positive energy

@: berserking (expiring), very quick
A: hooves 1, berserk 1, foul stench 1, spiny 1, evolution 1, rot immunity,
sturdy frame 2
a: Berserk, Trog's Hand, Brothers in Arms, Burn Spellbooks, Renounce Religion


You were on level 1 of the Orcish Mines.
You worshipped Trog.
Trog was extremely pleased with you.
You were very hungry.

You visited 2 branches of the dungeon, and saw 13 of its levels.
You also visited: Labyrinth.

You collected 815 gold pieces.

Inventory:

Hand Weapons
 a - a +1 falchion
 D - a +4 falchion
 F - the +7 rapier of Qaotro (weapon) {pierce, rF++ MP+9}
   (You took it off a minotaur in a labyrinth)

   It inflicts extra damage upon your enemies.
   It greatly protects you from fire.
   It affects your magic capacity (+9).
Armour
 g - a scarf of resistance (worn)
 r - the +1 pair of gloves of the Lotus Blossom (worn) {rPois rF+++ Int-5 Dex-5}
   (You found it on level 12 of the Dungeon)

   It affects your intelligence (-5).
   It affects your dexterity (-5).
   It renders you almost immune to fire.
   It protects you from poison.
 B - a +1 plate armour (worn)
 H - a +2 helmet of intelligence (worn)
Jewellery
 A - a +2 ring of strength (left hand)
 I - an uncursed ring of poison resistance
 K - a ring of positive energy (right hand)
Wands
 e - a wand of flame (38)
 t - a wand of digging (9)
 u - a wand of polymorph (15)
 y - a wand of enslavement (6)
 z - a wand of iceblast (6)
Scrolls
 d - a scroll of identify
 i - 3 scrolls of remove curse
 q - 2 scrolls of teleportation
Potions
 b - 2 potions of haste
 f - a potion of resistance {unknown}
 h - a potion of berserk rage {unknown}
 j - 5 potions of agility
 k - 7 potions of curing
 m - 2 potions of lignification
 n - 2 potions of invisibility {unknown}
 o - 3 potions of heal wounds
 p - 2 potions of might
 s - a potion of magic {unknown}
 w - a potion of flight {unknown}
 C - a potion of ambrosia {unknown}
 G - a potion of mutation
 L - a potion of degeneration {unknown}
Comestibles
 c - 21 rations
 l - 6 chunks of flesh


   Skills:
 * Level 8.4 Fighting
 + Level 1.8(5.2) Short Blades
 + Level 7.7(7.9) Long Blades
   Level 3.6 Polearms
 * Level 10.2 Armour
 * Level 6.9 Dodging
 + Level 1.4 Stealth
 + Level 0.2 Unarmed Combat


You had 10 spell levels left.
You didn't know any spells.

Dungeon Overview and Level Annotations

Branches:
Dungeon (12/15)            Temple (0/1) D:4            Lair (0/6) D:8
    Orc (1/2) D:10

Altars:
Ashenzari
Dithmenos
Elyvilon
Fedhas
Hepliaklqana
Kikubaaqudgha
Ru
Sif Muna
Trog
Uskayaw
Wu Jian
Yredelemnul
Zin

Shops:
D:5 [   D:7 *

Annotations:
D:7 2 transporters
D:11 shakethe's ghost, journeyman HOGl


Innate Abilities, Weirdness & Mutations

You have large cloven feet.
You may emit foul miasma when damaged in melee.
You are partially covered in sharp spines.
You are immune to rotting.
Your movements are less encumbered by armour. (ER -4)
You tend to lose your temper in combat.
You evolve.


Message History

* * * LOW HITPOINT WARNING * * *
Unknown command.
You hit the orc warlord but do no damage.
Your kick misses the orc warlord.
The orc warlord is almost dead.
The orc hits you but does no damage. The orc warrior closely misses you.
The orc priest hits you but does no damage.
The orc warlord is struck by your spines.
The orc warlord hits you with a glaive of venom!
* * * LOW HITPOINT WARNING * * *
You hit the orc warlord.
The orc warlord is almost dead.
The orc warrior hits you with a broad axe.
* * * LOW HITPOINT WARNING * * *
The orc warrior looks sick.
The orc is struck by your spines. The orc closely misses you.
You puncture the orc warrior! You kick the orc warrior.
The orc warrior is almost dead.
The orc warrior hits you with a long sword!
You die...

#.......... ##....#....
### ##...##...
##.###.#.##....
#...#...###...#
#####......##.#....
###..##..##..........
###..oo....##..........
#....o@.#..............
.......o)...............
......o.................
#...#.#.................
......#.................
#................)......
..... ......#(<)[[......
....>......#).))(......
. #...#[[......


You could see an orc warlord, 2 orc warriors, an orc priest and an orc.

Vanquished Creatures
  A minotaur (Lab)
  A two-headed ogre (D:10)
  A tengu warrior (D:11)
  An unseen horror (D:12)
  A manticore (D:12)
  A deep elf mage (D:10)
  A gargoyle (D:10)
  A merfolk (D:10)
  3 slime creatures (D:12)
  A hornet (D:12)
  A wraith (D:12)
  A human (D:10)
  2 hungry ghosts
  11 orc warriors
  A black bear (D:12)
  A necrophage (D:10)
  10 ogres
  A phantom (D:10)
  4 centaurs
  A crocodile (D:10)
  2 bullfrogs
  A big kobold (D:10)
  A wyvern zombie (D:10)
  5 scorpions
  A water moccasin skeleton (D:6)
  8 killer bees (D:8)
  A howler monkey (D:12)
  5 wights (D:8)
  2 crimson imps
  2 quasits
  2 centaur zombies
  3 jellies
  4 hounds
  12 orc priests
  A gnoll shaman (D:8)
  11 orc wizards
  2 bullfrog skeletons
  Ijyb (D:4)
  Terence (D:3)
  An iguana (D:10)
  9 worker ants
  2 hound zombies
  5 hound skeletons
  2 worker ant zombies (D:10)
  6 gnolls
  17 adders
  2 shadow imps
  An ooze (D:5)
  An adder skeleton (D:6)
  4 worms
  A dart slug (D:1)
  5 leopard geckos
  43 orcs
  5 bats
  5 giant cockroaches
  3 goblins
  5 hobgoblins
  16 jackals
  12 kobolds
  A quokka (D:12)
  2 ball pythons (D:4)
  4 frilled lizards
  A jackal skeleton (D:6)
  A jackal zombie (D:5)
  A quokka skeleton (D:4)
  10 rats
275 creatures vanquished.

Vanquished Creatures (others)
  A fungus (D:8)
1 creature vanquished.

Grand Total: 276 creatures vanquished

Notes
Turn   | Place    | Note
-------+----------+-------------------------------------------
     0 | D:1      | troglodite the Demonspawn Berserker began the quest for the Orb.
     0 | D:1      | Reached XP level 1. HP: 18/18 MP: 1/1
   259 | D:1      | Gained mutation: You have large cloven feet. [demonic ancestry]
   259 | D:1      | Reached XP level 2. HP: 19/24 MP: 2/2
   792 | D:2      | Reached skill level 2 in Armour
   808 | D:2      | Reached XP level 3. HP: 29/29 MP: 3/3
   836 | D:2      | Reached ** piety under Trog
  1247 | D:2      | Gained mutation: You are immune to rotting. [demonic ancestry]
  1247 | D:2      | Reached XP level 4. HP: 22/36 MP: 4/4
  1597 | D:2      | Found a bloodstained altar of Trog.
  1840 | D:3      | Noticed Terence
  1855 | D:3      | Killed Terence
  1855 | D:3      | Reached skill level 3 in Armour
  1986 | D:3      | Found a deep blue altar of Sif Muna.
  2105 | D:3      | Gained mutation: You are partially covered in sharp spines. [demonic ancestry]
  2105 | D:3      | Reached XP level 5. HP: 35/42 MP: 5/5
  3121 | D:3      | Noticed an ogre
  3136 | D:3      | Killed an ogre
  3136 | D:3      | Gained mutation: Your movements are slightly less encumbered by armour. (ER -2) [demonic ancestry]
  3136 | D:3      | Reached XP level 6. HP: 43/48 MP: 6/6
  3138 | D:3      | Reached skill level 4 in Armour
  3878 | D:4      | Found a staircase to the Ecumenical Temple.
  3901 | D:4      | Noticed Ijyb
  3909 | D:4      | Killed Ijyb
  3933 | D:4      | Gained mutation: You may emit foul miasma when damaged in melee. [demonic ancestry]
  3933 | D:4      | Reached XP level 7. HP: 17/55 MP: 7/7
  4034 | D:4      | Reached *** piety under Trog
  4200 | D:4      | Reached skill level 5 in Armour
  4544 | D:5      | Entered Level 5 of the Dungeon
  4866 | D:5      | Found Ahoa's Antique Armour Shoppe.
  5130 | D:6      | Found a sacrificial altar of Ru.
  5187 | D:6      | Found a shattered altar of Ashenzari.
  5221 | D:6      | Reached skill level 5 in Long Blades
  5221 | D:6      | Reached XP level 8. HP: 61/61 MP: 8/8
  5283 | D:6      | Reached skill level 5 in Fighting
  5295 | D:6      | Found a white marble altar of Elyvilon.
  5672 | D:6      | Reached skill level 6 in Armour
  5688 | D:6      | Reached **** piety under Trog
  5904 | D:6      | Found a sacrificial altar of Ru.
  5941 | D:6      | Found a blossoming altar of Fedhas.
  5948 | D:6      | Found an ornate altar of the Wu Jian Council.
  5952 | D:6      | Found an ancient bone altar of Kikubaaqudgha.
  5954 | D:6      | Found a hide-covered altar of Uskayaw.
  6237 | D:7      | Found a hazy altar of Hepliaklqana.
  6734 | D:7      | Reached XP level 9. HP: 32/69 MP: 9/9
  7046 | D:7      | Found Zin's Purification Station.
  7048 | D:7      | Found a glowing silver altar of Zin.
  7068 | D:7      | Noticed a kobold demonologist
  7071 | D:7      | Found a transporter.
  7082 | D:7      | Found a transporter.
  7176 | D:7      | Reached skill level 7 in Armour
  7698 | D:8      | Found a staircase to the Lair.
  7868 | D:8      | Reached skill level 5 in Dodging
  8219 | D:8      | Gained mutation: You can translocate small distances at will. [potion of mutation]
  8219 | D:8      | Lost mutation: You can translocate small distances at will. [potion of mutation]
  8219 | D:8      | Gained mutation: You tend to lose your temper in combat. [potion of mutation]
  8219 | D:8      | Gained mutation: You are agile. (Dex +2) [potion of mutation]
  8220 | D:8      | Lost mutation: You tend to lose your temper in combat. [potion of mutation]
  8220 | D:8      | Lost mutation: You are agile. (Dex +2) [potion of mutation]
  8220 | D:8      | Gained mutation: Your movements are less encumbered by armour. (ER -4) [potion of mutation]
  8220 | D:8      | Gained mutation: You tend to lose your temper in combat. [potion of mutation]
  8220 | D:8      | Gained mutation: You evolve. [potion of mutation]
  8237 | D:8      | Reached skill level 8 in Armour
  8330 | D:8      | Reached skill level 1 in Stealth
  8643 | D:8      | Found a basalt altar of Yredelemnul.
  8643 | D:8      | Found a shadowy altar of Dithmenos.
  9012 | D:9      | Reached ***** piety under Trog
  9031 | D:9      | Reached XP level 10. HP: 42/79 MP: 10/10
  9790 | D:10     | Entered Level 10 of the Dungeon
  9795 | D:10     | Noticed a gargoyle
  9804 | D:10     | Killed a gargoyle
 10296 | D:10     | Found a staircase to the Orcish Mines.
 10573 | D:10     | Noticed a two-headed ogre
 10579 | D:10     | Killed a two-headed ogre
 10586 | D:10     | Reached skill level 1 in Polearms
 10594 | D:10     | Noticed a deep elf mage
 11057 | D:10     | Killed a deep elf mage
 11238 | D:11     | Noticed a tengu warrior
 11240 | D:11     | Noticed shakethe's ghost (journeyman HOGl)
 11241 | D:11     | Noticed shakethe's ghost (journeyman HOGl)
 11281 | D:11     | Killed a tengu warrior
 11281 | D:11     | Reached skill level 9 in Armour
 11395 | D:12     | Found a labyrinth entrance.
 11422 | Lab      | Entered a labyrinth
 12381 | Lab      | Noticed a minotaur
 12390 | Lab      | HP: 6/120 [minotaur/uncursed pitted rapier {pierce} (2)]
 12391 | Lab      | Killed a minotaur
 12391 | Lab      | Reached XP level 11. HP: 7/86 MP: 11/11
 12393 | Lab      | Got an uncursed pitted rapier {pierce}
 12663 | Lab      | Identified the +7 rapier of Qaotro {pierce, rF++ MP+9} (You took it off a minotaur in a labyrinth)
 12671 | Lab      | Identified the Collected Works on Burning Ice
 12766 | D:12     | Got a pair of translucent gloves
 12772 | D:12     | Identified the +1 pair of gloves of the Lotus Blossom {rPois rF+++ Int-5 Dex-5} (You found it on level 12 of the Dungeon)
 13254 | D:12     | Noticed a two-headed ogre
 13588 | D:12     | Killed an unseen horror
 13588 | D:12     | Reached skill level 10 in Armour
 13666 | Orc:1    | Entered Level 1 of the Orcish Mines
 13679 | Orc:1    | Reached skill level 1 in Short Blades
 13944 | Orc:1    | Noticed an orc warlord
 13968 | Orc:1    | Slain by an orc warrior

Skill      XL: |  1  2  3  4  5  6  7  8  9 10 11 |
---------------+----------------------------------+-----
Armour         | 2 3 4 5 6 8 9 10 | 10.2
Long Blades    | 3 4 5 6 7 |  7.7
Dodging        | 2 3 4 5 6 |  6.9
Fighting       | 4 5 7 8 |  8.4
Stealth        | 1 |  1.4
Polearms       | 3 |  3.6
Short Blades   | 1 |  1.8
Unarmed Combat | |  0.2

Action                   |  1- 3 |  4- 6 |  7- 9 | 10-12 || total
-------------------------+-------+-------+-------+-------++-------
Melee: Falchion          |   104 |   106 |   276 |    23 ||   509
       Kick              |    17 |    40 |   117 |    65 ||   239
       Unarmed           |       |    13 |       |       ||    13
       Demon trident     |       |       |       |    87 ||    87
       Rapier            |       |       |       |    77 ||    77
Invok: Trog's Hand       |     1 |       |     2 |     1 ||     4
       Berserk           |       |     4 |     7 |     9 ||    20
       Burn Spellbooks   |       |       |       |     3 ||     3
  Use: Scroll            |       |       |     9 |    12 ||    21
       Potion            |       |       |     2 |     1 ||     3
  Eat: Chunk             |     1 |    12 |    24 |     7 ||    44
       Ration            |       |       |       |     6 ||     6
Armor: Chain mail        |    88 |    44 |    49 |       ||   181
       Ring mail         |     5 |       |       |       ||     5
       Plate armour      |       |       |   105 |   109 ||   214
Dodge: Dodged            |    61 |    54 |   121 |   144 ||   380
       Rpst.: Falchion   |    16 |    14 |    56 |     4 ||    90
